 Dungeon Crawl Stone Soup version 0.26-a0-576-gcfaa98f945 (webtiles) character file.

Game seed: 14982560167283798631

24 Execuda the Skirmisher (level 2, 0/26 HPs)
             Began as a Minotaur Air Elementalist on Aug 22, 2020.
             Succumbed to an adder's poison
             ... on level 1 of the Dungeon.
             The game lasted 00:01:14 (1528 turns).

Execuda the Skirmisher (Minotaur Air Elementalist)  Turns: 1528, Time: 00:01:15

Health: 0/26       AC:  4    Str: 12    XL:     2   Next: 79%
Magic:  3/3        EV: 12    Int: 12    God:
Gold:   46         SH:  0    Dex: 10    Spells: 2/3 levels left

rFire    . . .     SeeInvis .   f - +0 club
rCold    . . .     Faith    .   (no shield)
rNeg     . . .     Spirit   .   a - +0 robe
rPois    .         Reflect  .   (helmet restricted)
rElec    .         Harm     .   h - +0 cloak
rCorr    .                      (no gloves)
MR       .....                  d - +0 pair of boots
Stlth    ++........             (no amulet)
HPRegen  0.08/turn              (no ring)
MPRegen  0.08/turn              (no ring)

@: lethally poisoned (0 -> -8)
A: retaliatory headbutt, horns 2
a: no special abilities


You were on level 1 of the Dungeon.
You visited 1 branch of the dungeon, and saw 2 of its levels.

You collected 46 gold pieces.

Inventory:

Hand Weapons
 f - a +0 club (weapon)
Armour
 a - a +0 robe (worn)
 d - a +0 pair of boots (worn)
 h - a +0 cloak (worn)
Jewellery
 g - a +6 ring of dexterity {unknown}
Scrolls
 b - a scroll of magic mapping {unknown}
 e - a scroll of teleportation {unknown}
Potions
 c - a potion of invisibility {unknown}


   Skills:
 + Level 3.1 Fighting
 - Level 2.1 Dodging
 - Level 1.5 Stealth
 - Level 1.3 Spellcasting
 - Level 0.6 Conjurations
 - Level 2.1 Air Magic


You had 2 spell levels left.
You knew the following spells:

 Your Spells              Type           Power        Failure   Level
a - Shock                 Conj/Air       #...         17%         1

Your spell library contained the following spells:

 Spells                   Type           Power        Failure   Level
 Swiftness                Air            #.......     19%         2
 Static Discharge         Conj/Air       #.......     45%         3
 Airstrike                Air            #.........   75%         4
 Lightning Bolt           Conj/Air       #.........   99%         5


Dungeon Overview and Level Annotations

Branches:
Dungeon (2/15)

Altars:


Innate Abilities, Weirdness & Mutations

You reflexively headbutt those who attack you in melee.
You have a pair of horns on your head.


Message History

You feel sick.
The frilled lizard hisses angrily.
The adder bites you but does no damage. The adder barely misses you.
You climb upwards.
You feel sick.
There is a stone staircase leading down here.
You aren't carrying any items that you can evoke.
Unknown command.
The adder closely misses you.
You feel sick. The adder bites you.
You are more poisoned.
The adder poisons you!
You feel sick. The adder bites you. x2
* * * LOW HITPOINT WARNING * * *
* * * LOW HITPOINT WARNING * * *
You feel sick.
* * * LOW HITPOINT WARNING * * *
You feel sick. The adder bites you.
* * * LOW HITPOINT WARNING * * *
You die...

############ #.........†#
#.########.# #.# #.#
################## ##.########.#
#...............[.
............####@################
##.##.#...............###### #
##.##...###.###SS..........# #
##.##.......###..####.####.# #
##.###.####......# #.# #.# #
#.###.####......# #.####.######
#.#.....##......## #..........##
#.#.###.....>....###.####.###.##
#...# #..............# #.# #.##


You could see 2 adders.

Vanquished Creatures
  2 oozes (D:1)
  A dart slug (D:2)
  2 bats (D:1)
  2 goblins (D:1)
  2 hobgoblins (D:1)
  2 ball pythons (D:1)
  4 rats (D:1)
15 creatures vanquished.

Notes
Turn   | Place    | Note
-------+----------+-------------------------------------------
     0 | D:1      | Execuda the Minotaur Air Elementalist began the quest for
                  | the Orb.
     0 | D:1      | Reached XP level 1. HP: 14/14 MP: 1/1
   234 | D:1      | Reached skill level 1 in Fighting
   503 | D:1      | Reached skill level 2 in Fighting
   505 | D:1      | Reached XP level 2. HP: 20/24 MP: 0/3
   985 | D:1      | Reached skill level 3 in Fighting
  1527 | D:1      | HP: 1/26 [adder (4)]
  1528 | D:1      | Succumbed to an adder's poison

Illustrated notes

Levels and vault maps discovered:
D:1:      wheals_arrival_shading, layout_loops_ring, minivault_4
D:2:      layout_loops_ring, palyth_stone_intersect, minivault_5

Skill      XL: |  1  2 |
---------------+-------+-----
Fighting       | 2 3 |  3.1
Dodging        | |  2.1
Stealth        | |  1.5
Spellcasting   | |  1.3
Conjurations   | |  0.6
Air Magic      | |  2.1

Action                   || total
-------------------------++-------
Melee: Unarmed           ||    32
       Headbutt          ||     7
       Club              ||    27
 Cast: Shock             ||     7
 Stab: Sleeping          ||     3
Armor: Robe              ||    21
Dodge: Dodged            ||    38

Table legend: (Time is in decaauts)
 A = Elapsed time spent in this place.
 B = Non-inter-level travel time spent in this place.
 C = Inter-level travel time spent in this place.
 D = Time resting spent in this place.
 E = Time spent auto-exploring this place.
 F = Levels seen in this place.
 G = Mean time per level.
                   A        B        C        D        E       F      G
               +--------+--------+--------+--------+--------+-----+--------+
         Total |   1538 |   1446 |     92 |    510 |    734 |   2 |  769.0 |
       Dungeon |   1538 |   1446 |     92 |    510 |    734 |   2 |  769.0 |
               +--------+--------+--------+--------+--------+-----+--------+

Top non-repeatable levels by time:
     D:1: 1433 daAuts
     D:2: 104 daAuts
